Map: Lightshade LE

Players

Stats - Winner!

  • Race: Protoss Protoss
  • Spawn Location: 5:00

Neeb

  • Race: Protoss Protoss
  • Spawn Location: 11:00

Event: ASUS ROG Online 2020

VOD

Have the link to the VOD?

Description

Time

  • Played on: Nov. 27, 2020, 1:57 p.m.
  • Length: 8:45

All games in this series

Show
View Real Time Build Order
Export as new Build Order

Stats Protoss - Winner!

Build Orders: Phoenix Opening 

Get SALT Encoding   

  12  0:00  Probe  
  13  0:12  Probe  
  14  0:17  Pylon  
  14  0:24  Probe (Chrono Boost)  
  15  0:36  Gateway, Probe (Chrono Boost)  
  16  0:44  Probe (Chrono Boost)  
  16  0:46  Assimilator  
  17  0:51  Probe  
  18  1:00  Assimilator  
  18  1:03  Probe (Chrono Boost)  
  19  1:08  Gateway  
  19  1:14  Probe (Chrono Boost)  
  20  1:19  Probe (Chrono Boost)  
  21  1:25  Cybernetics Core  
  21  1:29  Probe  
  22  1:35  Pylon  
  22  1:41  Probe  
  23  1:56  Probe  
  24  2:02  Stalker, Sentry  
  24  2:07  Warp Gate  
  24  2:08  Probe  
  29  2:12  Pylon  
  29  2:20  Probe  
  30  2:29  Pylon  
  30  2:32  Stalker  
  30  2:35  Sentry  
  34  2:38  Phoenix  
  34  2:51  Nexus  
  34  2:54  Probe  
  35  3:01  Shield Battery  
  35  3:08  Probe  
  36  3:13  Sentry  
  36  3:14  Pylon  
  38  3:22  Probe  
  39  3:27  Twilight Council  
  39  3:34  Probe (Chrono Boost)  
  40  3:46  Probe (Chrono Boost)  
  41  3:50  Probe (Chrono Boost)  
  41  3:54  Phoenix  
  41  3:55  Stalker x2  
  46  4:01  Probe (Chrono Boost)  
  47  4:03  Probe (Chrono Boost)  
  46  4:12  Blink, Probe x2 (Chrono Boost)  
  46  4:16  Probe (Chrono Boost)  
  48  4:17  Probe (Chrono Boost)  
  50  4:25  Phoenix  
  50  4:27  Forge  
  50  4:28  Probe  
  50  4:29  Probe  
  52  4:40  Probe  
  52  4:41  Probe  
  52  4:44  Robotics Facility  
  52  4:45  Assimilator  
  54  4:47  Stalker x2  
  54  4:49  Protoss Ground Weapons Level 1 (Chrono Boost)  
  58  4:53  Probe  
  58  4:54  Probe  
  58  4:57  Gateway  
  58  4:59  Pylon  
  60  5:06  Gateway  
  60  5:23  Nexus  
  60  5:25  Pylon  
  60  5:28  Stalker  
  60  5:30  Phoenix, Stalker  
  64  5:36  Warp Prism (Chrono Boost)  
  66  5:44  Pylon  
  68  5:54  Stalker x3  
  72  5:58  Probe x2  
  72  6:01  Stalker  
  76  6:05  Observer  
  77  6:22  Stalker x3  
  77  6:24  Pylon  
  77  6:25  Stalker  
  85  6:29  Probe  
  86  6:34  Probe  
  86  6:35  Probe  
  88  6:41  Probe  
  88  6:42  Observer  
  88  6:47  Probe  
  86  6:52  Stalker x3  
  82  7:01  Stalker  
  73  7:18  Observer  
  71  7:24  Zealot x2  
  71  7:25  Stalker, Zealot  
  71  7:36  Probe x3  
  66  7:46  Zealot  
  66  7:47  Zealot x2  
  66  7:48  Zealot  
  74  7:53  Probe x2  
  74  8:05  Probe  
  74  8:08  Zealot  
  74  8:09  Zealot x2  
  74  8:10  Stalker  
  78  8:12  Probe (Chrono Boost)  
  78  8:18  Probe (Chrono Boost)  
  78  8:24  Probe (Chrono Boost)  
  77  8:27  Assimilator  
  77  8:28  Probe (Chrono Boost)  
  77  8:29  Probe (Chrono Boost)  
  75  8:34  Stalker, Zealot x3  
Show
View Real Time Build Order
Export as new Build Order

Neeb Protoss 

Build Orders: Oracle Opening 

Get SALT Encoding   

  12  0:00  Probe  
  13  0:12  Probe  
  14  0:17  Pylon  
  14  0:24  Probe (Chrono Boost)  
  15  0:36  Probe (Chrono Boost)  
  15  0:37  Gateway  
  16  0:45  Probe (Chrono Boost)  
  16  0:47  Assimilator  
  17  0:51  Probe  
  18  0:57  Assimilator  
  18  1:03  Probe (Chrono Boost)  
  19  1:09  Gateway  
  19  1:13  Probe (Chrono Boost)  
  19  1:18  Probe (Chrono Boost)  
  21  1:26  Cybernetics Core  
  22  1:32  Probe  
  22  1:37  Pylon  
  22  1:44  Probe  
  23  1:57  Probe  
  23  2:01  Warp Gate (Chrono Boost)  
  24  2:03  Stalker x2  
  28  2:13  Pylon  
  28  2:18  Probe  
  28  2:20  Pylon  
  29  2:29  Stargate  
  29  2:51  Nexus  
  29  2:57  Shield Battery  
  29  3:00  Probe  
  30  3:11  Oracle (Chrono Boost)  
  31  3:12  Probe  
  33  3:24  Pylon  
  33  3:25  Probe  
  34  3:33  Twilight Council  
  34  3:37  Probe  
  35  3:45  Sentry  
  37  3:48  Stalker  
  37  3:49  Probe  
  40  3:58  Pylon  
  40  4:01  Probe (Chrono Boost)  
  41  4:03  Probe (Chrono Boost)  
  42  4:14  Blink  
  42  4:15  Probe (Chrono Boost)  
  42  4:16  Probe (Chrono Boost)  
  41  4:24  Probe (Chrono Boost)  
  43  4:25  Probe (Chrono Boost)  
  43  4:29  Assimilator  
  43  4:30  Probe (Chrono Boost)  
  44  4:31  Probe (Chrono Boost)  
  45  4:39  Dark Shrine, Probe  
  45  4:41  Probe  
  47  4:48  Forge  
  47  4:51  Probe  
  48  4:53  Probe  
  48  4:56  Stalker  
  48  4:57  Stalker  
  53  5:03  Probe  
  53  5:05  Probe  
  55  5:09  Gateway  
  55  5:12  Protoss Ground Weapons Level 1 (Chrono Boost), Gateway  
  55  5:29  Nexus  
  55  5:34  Stalker  
  57  5:36  Stalker  
  57  5:38  Probe  
  57  5:39  Probe  
  61  5:44  Pylon  
  61  5:50  Probe  
  61  5:51  Probe  
  63  5:57  Dark Templar  
  63  5:59  Dark Templar  
  63  6:03  Pylon, Probe  
  68  6:05  Stalker, Probe  
  71  6:15  Probe  
  71  6:17  Probe  
  73  6:19  Robotics Facility  
  73  6:20  Stalker  
  73  6:23  Shield Battery  
  75  6:27  Probe  
  75  6:29  Stalker  
  75  6:30  Stalker  
  75  6:32  Probe  
  81  6:35  Stalker  
  81  6:39  Probe  
  84  6:41  Probe  
  83  6:52  Dark Templar  
  83  6:53  Zealot x2  
  78  7:03  Zealot, Gateway x2  
  76  7:12  Probe  
  75  7:16  Stalker x2  
  72  7:23  Stalker  
  72  7:25  Stalker  
  72  7:27  Probe x2  
  72  7:28  Probe  
  54  7:44  Stalker  
  54  7:45  Stalker  
  54  7:48  Stalker  
  60  7:54  Stalker  
  60  7:58  Zealot x2  
  45  8:14  Stalker x3  
  45  8:19  Stalker  
  51  8:21  Stalker  
Tags
 
Add a new tag
Caveats
  • Supply blocks, unpowered buildings, or Contaminate may cause inaccurate times.
  • Supply counts are checked every 10 seconds.